 Dungeon Crawl Stone Soup version 0.21-b1-23-g1fb0a74 (webtiles) character file.

348014 grindst0ne the Markscentaur (level 21, -2/178 HPs)
             Began as a Centaur Hunter on Jan 5, 2018.
             Was the Champion of Okawaru.
             Killed from afar by a deep elf sorcerer (28 damage)
             ... with damnation
             ... on level 3 of the Elven Halls.
             The game lasted 04:24:09 (61138 turns).

grindst0ne the Markscentaur (Centaur Hunter)       Turns: 61138, Time: 04:24:10

Health: -2/178     AC: 33    Str: 19    XL:     21   Next: 22%
Magic:  25/28      EV: 18    Int: 18    God:    Okawaru [******]
Gold:   256        SH:  0    Dex: 10    Spells: 3/30 levels left

rFire    + + .     SeeInvis .   a - +9 longbow (flame)
rCold    + + +     Gourm    +   (shield currently unavailable)
rNeg     + . .     Faith    .   H - +4 ring mail of the First Planets {*Drain rElec rF++ Str+4}
rPois    .         Spirit   .   A - +2 helmet {Int+3}
rElec    +         Reflect  .   L - +0 cloak {MR+}
rCorr    .         Harm     .   J - +2 pair of gloves {archery}
MR       +++..                  z - +4 centaur barding {Fly}
Stlth    ++........             R - amulet "Igakh" {Gourm rC+++ rN+ MR+ Dex-5}
HPRegen  1.39/turn              V - +6 ring of evasion
MPRegen  0.21/turn              h - ring of wizardry

@: heroism, very slightly contaminated, regenerating, studying Fire Magic, very
quick
A: large, hooves 3, deformed body, speed 2, tough skin 3
}: 2/15 runes: decaying, serpentine
a: Heroism, Finesse, Renounce Religion, Evoke Flight


You were on level 3 of the Elven Halls.
You worshipped Okawaru.
Okawaru was exalted by your worship.
You were full.

You visited 8 branches of the dungeon, and saw 38 of its levels.
You also visited: Sewer, Ice Cave, Volcano and Wizlab.

You collected 4630 gold pieces.
You spent 4374 gold pieces at shops.

Inventory:

Hand Weapons
 a - a +9 longbow of flaming (weapon)
 K - a +0 triple sword of holy wrath
Missiles
 d - 432 arrows (quivered)
Armour
 s - a +2 cloak of invisibility
 z - a +4 centaur barding of flying (worn)
 A - a +2 helmet of intelligence (worn)
 G - +4 storm dragon scales {Bai Suzhen}
 H - the +4 ring mail of the First Planets (worn) {*Drain rElec rF++ Str+4}
   (Okawaru gifted it to you on level 2 of the Elven Halls)

   It affects your strength (+4).
   It greatly protects you from fire.
   It insulates you from electricity.
   It causes draining when unequipped.
 I - a +3 leather armour of poison resistance
 J - a +2 pair of gloves of archery (worn)
 L - a +0 cloak of magic resistance (worn)
Magical Staves
 b - an uncursed staff of wizardry
Jewellery
 h - a ring of wizardry (right hand)
 w - an uncursed ring of see invisible
 D - an uncursed ring of resist corrosion
 R - the amulet "Igakh" (around neck) {Gourm rC+++ rN+ MR+ Dex-5}
   (You found it on level 11 of the Dungeon)

   [amulet of the gourmand]

   It allows you to eat raw meat even when not hungry.
   It affects your dexterity (-5).
   It renders you almost immune to cold.
   It protects you from negative energy.
   It affects your resistance to hostile enchantments.
 V - a +6 ring of evasion (left hand)
Wands
 j - a wand of paralysis (26)
 n - a wand of digging (29)
 E - a wand of disintegration (51)
 Q - a wand of polymorph (19)
Scrolls
 c - 2 scrolls of brand weapon
 i - 22 scrolls of remove curse
 l - 6 scrolls of fog
 m - 27 scrolls of teleportation
 r - 3 scrolls of identify
 x - 7 scrolls of magic mapping
 y - a scroll of blinking
 C - 7 scrolls of fear
 Z - 5 scrolls of silence
Potions
 e - 3 potions of magic
 g - 13 potions of might
 k - 6 potions of cancellation
 t - 7 potions of brilliance
 v - 2 potions of invisibility
 B - a potion of flight
 M - 6 potions of curing
 N - a potion of resistance
 O - 6 potions of mutation
 S - 3 potions of agility
 X - 6 potions of haste
Books
 o - a manual of Fire Magic
 p - a book of the Warp

   Spells                             Type                      Level
   a - Gell's Gravitas                Translocation                3
   b - Portal Projectile              Hexes/Translocation          3
   c - Force Lance                    Conjuration/Translocation    4
   d - Dispersal                      Translocation                6
   e - Controlled Blink               Translocation                8
   f - Disjunction                    Translocation                8
 W - a book of Necromancy

   Spells                             Type                      Level
   a - Pain                           Necromancy                   1
   b - Animate Skeleton               Necromancy                   1
   c - Vampiric Draining              Necromancy                   3
   d - Regeneration                   Charms/Necromancy            3
   e - Animate Dead                   Necromancy                   4
   f - Borgnjor's Vile Clutch         Necromancy/Earth             5
Miscellaneous
 u - a lightning rod (4/4)
 T - a lamp of fire
 U - a phial of floods
Comestibles
 f - 63 rations


   Skills:
 - Level 13.3(18.3) Fighting
 - Level 20.0(25.0) Bows
 - Level 11.5(16.5) Armour
 - Level 7.0(12.0) Dodging
 - Level 0.4(5.4) Stealth
 + Level 5.2 Spellcasting
 - Level 11.1 Charms
 - Level 12.0 Necromancy
 * Level 15.7 Translocations
 - Level 5.0 Earth Magic
 - Level 10.0 Invocations
 - Level 10.0 Evocations


You had 3 spell levels left.
You knew the following spells:

 Your Spells              Type           Power        Failure   Level  Hunger
a - Regeneration          Chrm/Necr      #####.....   1%          3    ##.....
b - Blink                 Tloc           N/A          1%          2    #......
c - Passage of Golubria   Tloc           N/A          1%          4    ####...
d - Controlled Blink      Tloc           N/A          56%         8    #######
e - Portal Projectile     Hex/Tloc       ####..       1%          3    ##.....
f - Borgnjor's Vile Clut  Necr/Erth      #####.....   6%          5    ######.
z - Song of Slaying       Chrm           #####...     1%          2    #......


Dungeon Overview and Level Annotations

Branches:
Dungeon (15/15)            Temple (1/1) D:4            Lair (6/6) D:11
  Swamp (4/4) Lair:4        Snake (4/4) Lair:2        Slime (0/5) Lair:6
    Orc (2/2) D:12            Elf (3/3) Orc:2        Vaults (0/5) D:14
 Depths (3/5) D:15

Altars:
Ashenzari
Cheibriados
Dithmenos
Elyvilon
Fedhas
Gozag
Hepliaklqana
Kikubaaqudgha
Makhleb
Nemelex Xobeh
Okawaru
Qazlal
Ru
Sif Muna
Trog
Uskayaw
Vehumet
Wu Jian
Xom
Yredelemnul
Zin
The Shining One
Beogh
Jiyva

Shops:
D:7 [%%(:   Orc:2 !![:   Elf:1 :   Snake:3 (:(*[

Portals:
Hell: Depths:1 Depths:2
Pandemonium: Orc:2
Ziggurat: Depths:1

Annotations:
D:7 exclusion: downstairs
D:11 exclusion: downstairs
Snake:2 exclusion: downstairs


Innate Abilities, Weirdness & Mutations

You have hooves in place of feet.
Armour fits poorly on your strangely shaped body.
You cover ground very quickly.
You have extremely tough skin. (AC +3)


Message History

The sphere of damnation explodes!
The damnation engulfs you!
* * * LOW HITPOINT WARNING * * *
The deep elf sorcerer gestures at you while chanting.
The bolt of acid hits you!
* * * LOW HITPOINT WARNING * * *
The acid corrodes you!
You are splashed with acid!
The acid burns!
* * * LOW HITPOINT WARNING * * *
Blink to where?
Press: ? - help, Dir - move target cursor, p - deep elf sorcerer You are very lightly contaminated with residual magic.
As you read the scroll of blinking, it crumbles to dust.
Items here: )))) [ ÷ You see here a long sword.
Casting: Regeneration
Confirm with . or Enter, or press ? or * to list all spells.
Your skin crawls.
You are no longer corroded.
The deep elf sorcerer gestures at you while chanting.
The sphere of damnation explodes!
The damnation engulfs you!
You die... ##'.......###..P ##........###..PP ###..#.#.#####..PPP ######.'.###### #.PPPP #######...#...## #.PPPP ####..........[♣..## #.PPPP .....).))....)♣8♣).# ##.PPPP .#..####.......♣..## #..PPPP

.....#.##.##....@'## ######E.PPP
##.#.).#..####).##.## #....#...PP
#..##.#.#####.#####.###....e....P
.#####.## ##.## ##.#.......#'..
## ##.###.#.## ##'.....2..### ##
##.#.###.## #...........# .#
##e## ##.## ##...........# .#
##.# ##.#####.###'###### .# #.#
##.###...........#


You could see a deep elf sorcerer.

Vanquished Creatures
  Mara (Elf:3)
  An ancient lich (WizLab)
  Vashnia (Snake:2)
  Bai Suzhen (Depths:1)
  the Lernaean hydra (Swamp:4)
  Nikola (Snake:4)
  Rupert (D:12)
  A lich (Depths:2)
  A deep elf blademaster (Elf:3)
  A deep elf master archer (Elf:3)
  A quicksilver dragon (Depths:2)
  Agnes (Snake:2)
  A thorn hunter (Swamp:3)
  A storm dragon (Depths:2)
  11 nagarajas
  2 fire giants
  3 deep elf sorcerers
  3 frost giants
  A spriggan defender (Depths:1)
  An orc warlord (Orc:1)
  3 deep elf elementalists (Elf:3)
  4 stone giants
  6 very ugly things (Depths:2)
  A vampire knight (Depths:2)
  5 deep elf demonologists
  Nessos (D:13)
  6 deep elf annihilators (Elf:3)
  A dire elephant (D:15)
  Azrael (D:12)
  Snorg (Orc:1)
  A spark wasp (Depths:2)
  4 ettins
  A merfolk impaler (Depths:2)
  2 mummy priests (WizLab)
  3 deep elf death magi
  4 yaktaur captains
  3 deep elf high priests
  3 ice dragons
  42 slime creatures
  2 rakshasas
  15 naga warriors
  6 fire dragons
  15 hydras
  3 spriggan air magi
  10 anacondas
  Erica (D:8)
  A centaur warrior (D:15)
  32 dancing weapons
  19 two-headed ogres
  6 deep troll shamans
  The ghost of Ymberto the Carver, a novice HuFi of Okawaru (D:9)
  An ogre mage (Depths:2)
  8 tengu warriors
  2 deep troll earth magi (Depths:1)
  8 orc high priests
  3 death yaks (Lair:6)
  6 shock serpents
  Urug (Lair:5)
  8 alligators
  8 deep elf knights (Elf:2)
  18 naga sharpshooters
  2 soul eaters
  Nergalle (D:8)
  Sonja (D:10)
  4 sun demons (Depths:2)
  A hell knight (Depths:2)
  7 iron trolls
  A sea snake (shapeshifter) (Depths:2)
  2 salamander mystics
  2 large abominations (Elf:1)
  A shadow demon (Depths:2)
  3 wizards
  2 torturous demonspawn (Orc:2)
  A gelid demonspawn (Orc:2)
  10 deep trolls
  A shadow dragon zombie (WizLab)
  11 swamp dragons
  5 deep elf archers
  7 naga ritualists
  4 spriggan druids
  2 glowing orange brains
  2 shambling mangroves (Swamp:4)
  An obsidian statue (Depths:2)
  A necromancer (Elf:1)
  Pikel (D:9)
  13 ugly things
  A frost giant zombie (WizLab)
  A stone giant zombie (WizLab)
  A mana viper (shapeshifter) (Depths:1)
  7 orc knights
  16 mana vipers
  6 cyclopes
  2 wolf spiders (Lair:6)
  44 deep elf magi
  7 orc sorcerers
  13 salamanders
  3 manticores
  Maurice (D:10)
  A demonspawn zombie (WizLab)
  30 black mambas
  2 rust devils
  30 naga magi
  4 guardian serpents
  3 orange demons (Depths:2)
  2 ice statues (IceCv)
  2 spriggan zombies (WizLab)
  A torpor snail (Lair:2)
  23 spiny frogs
  9 rime drakes
  8 komodo dragons
  16 yaktaurs
  3 ice devils (Depths:2)
  A harpy zombie (WizLab)
  A queen bee (Lair:1)
  4 guardian mummies (WizLab)
  3 red devils (Depths:2)
  2 merfolk
  The ghost of Enish the Chopper, an amateur MiBe of Trog (D:5)
  4 tengu conjurers
  9 trolls
  14 hornets
  6 tyrant leeches
  Prince Ribbit (D:5)
  25 blink frogs
  10 hippogriffs
  13 polar bears (IceCv)
  Grinder (D:3)
  2 bog bodies
  2 ice dragon zombies (WizLab)
  A centaur simulacrum (D:15)
  2 shadows
  17 wyverns
  A wraith (D:14)
  35 yaks
  7 spriggans
  7 redbacks
  7 air elementals
  5 water elementals
  2 vampires (D:13)
  A ynoxinul (Orc:2)
  A human (D:7)
  4 basilisks
  5 hogs
  8 fire elementals
  16 fire bats
  Grum (D:8)
  2 hungry ghosts
  28 vampire mosquitoes
  A neqoxec (Orc:2)
  3 steam dragons
  A warg (Orc:2)
  46 nagas
  3 insubstantial wisps (Swamp:3)
  33 swamp worms
  A soldier ant (D:15)
  33 water moccasins
  A human zombie (WizLab)
  An acid dragon (Lair:6)
  6 porcupines
  13 swamp drakes
  4 ice beasts
  A slave (D:9)
  9 black bears
  52 orc warriors
  5 sky beasts
  18 ogres
  2 phantoms (D:10)
  4 boggarts (Depths:2)
  29 wolves
  6 centaurs
  3 elf zombies (Elf:1)
  5 big kobolds
  16 crocodiles
  23 bullfrogs
  5 gnoll sergeants (D:12)
  4 earth elementals
  2 wyvern skeletons
  5 scorpions
  27 killer bees
  8 electric eels
  12 wights
  11 crimson imps
  A bullfrog zombie (D:12)
  10 hounds
  3 quasits
  A gnoll shaman (D:11)
  3 iron imps (Depths:2)
  3 centaur skeletons
  4 centaur zombies
  Crazy Yiuf (D:2)
  30 orc priests
  5 jellies
  28 orc wizards
  Jessica (D:3)
  9 iguanas
  15 worker ants
  A hound zombie (D:7)
  A howler monkey zombie (D:8)
  Robin (D:2)
  2 worker ant zombies
  17 gnolls
  22 adders
  7 shadow imps
  5 oozes
  2 adder zombies
  3 adder skeletons
  2 worms
  A dart slug (D:2)
  9 leopard geckos
  91 orcs
  5 giant cockroaches
  9 goblins
  5 hobgoblins
  11 jackals
  A quokka (D:6)
  12 ball pythons
  10 bats
  7 frilled lizards
  27 kobolds
  A quokka skeleton (D:6)
  7 rats
  7 plants
1645 creatures vanquished.

Vanquished Creatures (collateral kills)
  Frances (D:12)
  A naga sharpshooter (Snake:2)
  2 redbacks (Depths:2)
  A yak (D:12)
  A fire elemental (D:12)
  2 orc wizards (D:12)
  A kobold (D:12)
9 creatures vanquished.

Vanquished Creatures (others)
  2 deep elf magi (Elf:2)
  A naga (Snake:4)
  A phantom (D:9)
  A centaur (D:6)
  2 bullfrogs
  A scorpion (D:6)
  An orc wizard (D:6)
  A worm (D:6)
  2 orcs (D:6)
  A giant cockroach (D:6)
  24 fungi
  37 plants
74 creatures vanquished.

Grand Total: 1728 creatures vanquished

Notes
Turn   | Place    | Note
-------+----------+-------------------------------------------
     0 | D:1      | grindst0ne the Centaur Hunter began the quest for the Orb.
     0 | D:1      | Reached XP level 1. HP: 17/17 MP: 1/1
   199 | D:1      | Reached XP level 2. HP: 25/25 MP: 2/2
   894 | D:2      | Reached skill level 6 in Bows
   899 | D:2      | Reached XP level 3. HP: 29/30 MP: 3/3
  1312 | D:2      | Found a runed door.
  1421 | D:2      | Noticed Crazy Yiuf
  1421 | D:2      | Noticed Robin
  1432 | D:2      | Killed Robin
  1492 | D:2      | Killed Crazy Yiuf
  1492 | D:2      | Reached XP level 4. HP: 19/39 MP: 4/4
  1646 | D:3      | Found a snail-covered altar of Cheibriados.
  1666 | D:3      | Found an opulent altar of Gozag.
  1669 | D:3      | Found a glowing golden altar of the Shining One.
  1670 | D:3      | Found a hazy altar of Hepliaklqana.
  1670 | D:3      | Found a white marble altar of Elyvilon.
  1821 | D:3      | Reached skill level 7 in Bows
  1821 | D:3      | Reached XP level 5. HP: 46/46 MP: 5/5
  1838 | D:3      | Noticed Grinder
  1904 | D:3      | Paralysed by Grinder for 2 turns
  1908 | D:3      | Killed Grinder
  1908 | D:3      | Reached skill level 5 in Fighting
  1908 | D:3      | Reached skill level 8 in Bows
  1908 | D:3      | Reached XP level 6. HP: 34/56 MP: 6/6
  2278 | D:3      | Noticed Jessica
  2281 | D:3      | Killed Jessica
  2795 | D:4      | Reached XP level 7. HP: 55/61 MP: 7/7
  3039 | D:4      | Found a staircase to the Ecumenical Temple.
  3104 | Temple   | Entered the Ecumenical Temple
  3274 | Temple   | Became a worshipper of Warmaster Okawaru
  3366 | D:4      | Reached skill level 9 in Bows
  3496 | D:5      | Entered Level 5 of the Dungeon
  3518 | D:5      | Noticed Enish's ghost (amateur MiBe)
  3590 | D:5      | Killed Enish's ghost
  3790 | D:5      | Reached skill level 10 in Bows
  3835 | D:5      | Reached * piety under Okawaru
  3835 | D:5      | Reached XP level 8. HP: 63/71 MP: 8/8
  4538 | D:6      | Noticed Prince Ribbit
  4622 | D:5      | Killed Prince Ribbit
  4622 | D:5      | Reached ** piety under Okawaru
  4622 | D:5      | Reached skill level 11 in Bows
  4839 | D:6      | Reached *** piety under Okawaru
  4880 | D:6      | Reached XP level 9. HP: 60/82 MP: 9/9
  4922 | D:6      | Found a glowing drain.
  4982 | Sewer    | Entered a sewer
  5979 | D:6      | Reached skill level 12 in Bows
  6053 | D:6      | Found a deep blue altar of Sif Muna.
  6073 | D:6      | Got a warped flail
  6156 | D:6      | Found a shimmering altar of Xom.
  6159 | D:6      | Received a gift from Okawaru
  6159 | D:6      | Reached skill level 1 in Invocations
  6489 | D:6      | Found a burning altar of Makhleb.
  6594 | D:6      | Reached skill level 5 in Invocations
  6749 | D:7      | Found Meheirphuz's Book Shop.
  6842 | D:7      | Found Ockithrugiwk's Antique Weapon Shop.
  6985 | D:7      | Found Niutz's Food Shop.
  6993 | D:7      | Found Zyotut's Food Shop.
  7104 | D:7      | Reached **** piety under Okawaru
  7110 | D:7      | Found Poerof's Antique Armour Shop.
  7120 | D:7      | Bought a glowing leather armour for 135 gold pieces
  7120 | D:7      | Bought a brightly glowing robe for 153 gold pieces
  7242 | D:7      | Identified the +2 robe "Wured" {SInv} (You bought it in a shop on level 7 of the Dungeon)
  7255 | D:7      | Identified the +5 flail of Pepoconk {flame, +Fly Str+3} (You found it on level 6 of the Dungeon)
  7771 | D:7      | Reached XP level 10. HP: 91/91 MP: 16/16
  8139 | D:7      | Received a gift from Okawaru
  8248 | D:8      | Noticed Maurice
  8265 | D:8      | Noticed a two-headed ogre
  8669 | D:8      | Reached skill level 1 in Evocations
  9004 | D:8      | Noticed Grum
  9351 | D:8      | Killed Grum
  9351 | D:8      | Received a gift from Okawaru
  9392 | D:8      | Killed a two-headed ogre
  9545 | D:8      | Reached skill level 5 in Evocations
  9704 | D:8      | Noticed Erica
  9733 | D:8      | Killed Erica
  9733 | D:8      | Reached ***** piety under Okawaru
  9733 | D:8      | Received a gift from Okawaru
 10059 | D:8      | Noticed a two-headed ogre
 10100 | D:8      | Killed a two-headed ogre
 10100 | D:8      | Received a gift from Okawaru
 10214 | D:8      | Found a shattered altar of Ashenzari.
 10216 | D:8      | Found a basalt altar of Yredelemnul.
 10511 | D:9      | Noticed a two-headed ogre
 10585 | D:9      | Killed a two-headed ogre
 10585 | D:9      | Received a gift from Okawaru
 10585 | D:9      | Received a gift from Okawaru
 10585 | D:9      | Reached XP level 11. HP: 92/97 MP: 17/17
 11082 | D:9      | Learned a level 1 spell: Animate Skeleton
 11408 | D:9      | Noticed Pikel
 11451 | D:9      | Killed Pikel
 11796 | D:10     | Entered Level 10 of the Dungeon
 11817 | D:10     | Noticed Nergalle
 11864 | D:9      | Noticed Ymberto's ghost (novice HuFi)
 12165 | D:8      | Killed Nergalle
 12165 | D:8      | Reached skill level 13 in Bows
 12450 | D:9      | Killed Ymberto's ghost
 12932 | D:10     | Reached skill level 14 in Bows
 12967 | D:10     | Noticed Sonja
 13222 | D:10     | Killed Maurice
 13668 | D:10     | Killed Sonja
 13668 | D:10     | Reached skill level 15 in Bows
 13969 | D:10     | Noticed a two-headed ogre
 14021 | D:10     | Killed a two-headed ogre
 14344 | D:11     | Received a gift from Okawaru
 14366 | D:11     | Found a staircase to the Lair.
 14698 | D:11     | Noticed a two-headed ogre
 14713 | D:11     | Killed a two-headed ogre
 14713 | D:11     | Received a gift from Okawaru
 14713 | D:11     | Reached skill level 16 in Bows
 14713 | D:11     | Reached XP level 12. HP: 104/104 MP: 18/18
 14869 | D:11     | Found a radiant altar of Vehumet.
 15127 | D:11     | Noticed a two-headed ogre
 15150 | D:11     | Killed a two-headed ogre
 15231 | D:11     | Got a bound diamond amulet
 15245 | D:11     | Identified the amulet "Igakh" {Gourm rC+++ rN+ MR+ Dex-5} (You found it on level 11 of the Dungeon)
 15317 | D:11     | Reached skill level 17 in Bows
 15417 | D:11     | Noticed a two-headed ogre
 15423 | D:11     | Killed a two-headed ogre
 15745 | D:11     | Noticed a two-headed ogre
 15748 | D:11     | Killed a two-headed ogre
 15748 | D:11     | Reached skill level 18 in Bows
 16515 | D:12     | Noticed Azrael
 16909 | D:12     | Noticed a two-headed ogre
 16915 | D:12     | Killed a two-headed ogre
 16921 | D:12     | Reached skill level 19 in Bows
 16943 | D:12     | Noticed Frances
 17225 | Lair:1   | Entered Level 1 of the Lair of Beasts
 17253 | Lair:1   | Received a gift from Okawaru
 18122 | Lair:1   | Got a heavily jewelled robe
 18133 | Lair:1   | Identified the +0 robe "Obliepei" {rC+ rCorr} (You found it on level 1 of the Lair of Beasts)
 18360 | Lair:1   | Received a gift from Okawaru
 18831 | Lair:2   | Reached XP level 13. HP: 111/111 MP: 19/19
 18865 | Lair:2   | Reached skill level 1 in Necromancy
 18935 | Lair:2   | Found a frozen archway.
 18955 | IceCv    | Entered an ice cave
 19108 | IceCv    | Received a gift from Okawaru
 19276 | IceCv    | Reached skill level 20 in Bows
 19295 | IceCv    | Reached ****** piety under Okawaru
 19336 | IceCv    | Noticed a frost giant
 19366 | IceCv    | Killed a frost giant
 19366 | IceCv    | Received a gift from Okawaru
 19376 | IceCv    | Reached skill level 5 in Necromancy
 20079 | Lair:2   | Found a staircase to the Snake Pit.
 20546 | Lair:2   | Reached skill level 10 in Invocations
 20961 | Lair:2   | Got an agate-encrusted leather armour
 20972 | Lair:2   | Identified the +4 leather armour of Busch {MR+ rCorr Int+5 Slay-6} (You found it on level 2 of the Lair of Beasts)
 21333 | Lair:3   | Found a hazy altar of Hepliaklqana.
 22506 | Lair:4   | Found a dark tunnel.
 22515 | Volcano  | Entered a volcano
 22592 | Volcano  | Received a gift from Okawaru
 22709 | Volcano  | Reached XP level 14. HP: 118/118 MP: 21/21
 22824 | Volcano  | Learned a level 3 spell: Regeneration
 22827 | Volcano  | Learned a level 2 spell: Song of Slaying
 22880 | Volcano  | Reached skill level 1 in Charms
 23469 | Lair:4   | Received a gift from Okawaru
 23844 | Lair:4   | Found a staircase to the Swamp.
 24296 | Lair:5   | Noticed Urug
 24312 | Lair:5   | Killed Urug
 24959 | Lair:5   | Reached skill level 5 in Charms
 25229 | Lair:6   | Entered Level 6 of the Lair of Beasts
 26192 | Lair:6   | Received a gift from Okawaru
 26568 | Lair:6   | Found a runed door.
 26568 | Lair:6   | Found a viscous altar of Jiyva.
 26588 | Lair:6   | Found a staircase to the Slime Pits.
 26701 | Lair:6   | Learned a level 2 spell: Sublimation of Blood
 27124 | D:12     | Reached skill level 10 in Evocations
 27125 | D:12     | Killed Frances
 27125 | D:12     | Reached XP level 15. HP: 48/124 MP: 22/22
 27179 | D:12     | Killed Azrael
 27231 | D:12     | Received a gift from Okawaru
 27405 | D:12     | Noticed Rupert
 27420 | D:12     | Killed Rupert
 27420 | D:12     | Reached skill level 5 in Dodging
 27441 | D:12     | Got a jewelled longbow {god gift}
 27442 | D:12     | Identified the +5 longbow of Plunder {velocity, rPois rC+ Int+4} (Okawaru gifted it to you on level 12 of the Dungeon)
 28445 | D:12     | Reached skill level 10 in Fighting
 28504 | D:12     | Found a staircase to the Orcish Mines.
 29265 | D:13     | Noticed Nessos
 29273 | D:13     | Killed Nessos
 29273 | D:13     | Received a gift from Okawaru
 29856 | D:14     | Received a gift from Okawaru
 29857 | D:14     | Found a gate to the Vaults.
 30735 | D:15     | Entered Level 15 of the Dungeon
 31056 | D:15     | Got an encrusted leather armour
 31067 | D:15     | Identified the cursed +0 leather armour of the Falcon {Str+2} (You found it on level 15 of the Dungeon)
 31708 | D:15     | Received a gift from Okawaru
 31966 | D:15     | Found a staircase to the Depths.
 32247 | Orc:1    | Entered Level 1 of the Orcish Mines
 32411 | Orc:1    | Noticed an orc warlord
 32443 | Orc:1    | Killed an orc warlord
 32449 | Orc:1    | Noticed Snorg
 32462 | Orc:1    | Killed Snorg
 32462 | Orc:1    | Received a gift from Okawaru
 32639 | Orc:1    | Received a gift from Okawaru
 32735 | Orc:1    | Found a roughly hewn altar of Beogh.
 33034 | Orc:2    | Entered Level 2 of the Orcish Mines
 33090 | Orc:2    | Reached XP level 16. HP: 136/140 MP: 17/23
 33104 | Orc:2    | Reached skill level 10 in Necromancy
 33355 | Orc:2    | Found Ecsu's Distillery.
 33360 | Orc:2    | Found Heqov's Distillery.
 33520 | Orc:2    | Reached skill level 10 in Charms
 34015 | Orc:2    | Found a staircase to the Elven Halls.
 34200 | Orc:2    | Found Ciudirec's Book Boutique.
 34200 | Orc:2    | Found a one-way gate leading to the halls of Pandemonium.
 34200 | Orc:2    | Found Xoasok's Antique Armour Shop.
 34204 | Orc:2    | Bought a pair of embroidered gloves for 240 gold pieces
 34206 | Orc:2    | Bought a book of Spatial Translocations for 1040 gold pieces
 34211 | Orc:2    | Learned a level 4 spell: Passage of Golubria
 34214 | Orc:2    | Learned a level 2 spell: Blink
 34248 | Orc:2    | Bought a potion of curing for 42 gold pieces
 34248 | Orc:2    | Bought a potion of haste for 140 gold pieces
 34248 | Orc:2    | Bought a potion of curing for 42 gold pieces
 34248 | Orc:2    | Bought a potion of might for 56 gold pieces
 34248 | Orc:2    | Bought a potion of heal wounds for 70 gold pieces
 34248 | Orc:2    | Bought a potion of agility for 56 gold pieces
 34248 | Orc:2    | Bought a potion of haste for 140 gold pieces
 34250 | Orc:2    | Bought a potion of might for 64 gold pieces
 34250 | Orc:2    | Bought a potion of heal wounds for 80 gold pieces
 34250 | Orc:2    | Bought a potion of curing for 48 gold pieces
 34250 | Orc:2    | Bought a potion of haste for 160 gold pieces
 34250 | Orc:2    | Bought a potion of haste for 160 gold pieces
 34250 | Orc:2    | Bought a potion of curing for 48 gold pieces
 34250 | Orc:2    | Bought a potion of heal wounds for 80 gold pieces
 34483 | Swamp:1  | Entered Level 1 of the Swamp
 34501 | Swamp:1  | Reached skill level 1 in Translocations
 34998 | Swamp:1  | Received a gift from Okawaru
 35434 | Swamp:1  | Identified a scroll of acquirement
 35437 | Swamp:1  | Got a scorched steel amulet
 35439 | Swamp:1  | Identified the amulet of the Cicada {rC+ Regen+} (You acquired it on level 1 of the Swamp)
 35524 | Swamp:1  | Received a gift from Okawaru
 35774 | Swamp:2  | Reached skill level 5 in Translocations
 36107 | Swamp:2  | Got an ancient scale mail
 36118 | Swamp:2  | Identified the +3 scale mail of Grace {Dex+6} (You found it on level 2 of the Swamp)
 36656 | Swamp:3  | Noticed a thorn hunter
 36717 | Swamp:3  | Received a gift from Okawaru
 36803 | Swamp:3  | Killed a thorn hunter
 37501 | Swamp:4  | Entered Level 4 of the Swamp
 37647 | Swamp:4  | Reached XP level 17. HP: 147/147 MP: 24/24
 37734 | Swamp:4  | Learned a level 3 spell: Portal Projectile
 38158 | Swamp:4  | Noticed the 27-headed Lernaean hydra
 38172 | Swamp:4  | Killed the 27-headed Lernaean hydra
 38172 | Swamp:4  | Reached skill level 10 in Translocations
 38256 | Swamp:4  | Received a gift from Okawaru
 38427 | Swamp:4  | Got a decaying rune of Zot
 38847 | Snake:1  | Entered Level 1 of the Snake Pit
 39736 | Lair:2   | Reached skill level 1 in Spellcasting
 41351 | Snake:2  | Identified the +10 quarterstaff of Ashenzari's Esteem {flame, +Rage rC+} (You took it off a naga sharpshooter on level 2 of the Snake Pit)
 41363 | Snake:2  | Noticed Vashnia
 41674 | Snake:2  | Killed Vashnia
 41677 | Snake:2  | Received a gift from Okawaru
 42285 | Snake:2  | Received a gift from Okawaru
 42776 | Snake:3  | Found Eprej's Antique Weapon Shop.
 42835 | Snake:3  | Found Ilyeteam's Assorted Antiques.
 43031 | Snake:3  | Noticed Agnes
 43330 | Snake:2  | Killed Agnes
 43842 | Snake:3  | Reached XP level 18. HP: 146/157 MP: 22/25
 43894 | Snake:3  | Identified the +12 lajatang of Ihiud {venom, +Fly Str-4 Dex+5} (You took it off a nagaraja on level 3 of the Snake Pit)
 43933 | Snake:3  | Found Horioq's Book Shop.
 44391 | Snake:3  | Learned a level 5 spell: Borgnjor's Vile Clutch
 44418 | Snake:3  | Found Foacepeo's Armour Shoppe.
 44435 | Snake:3  | Reached skill level 1 in Earth Magic
 44999 | Snake:3  | Found Iteynlie's Weapon Emporium.
 45436 | Snake:4  | Entered Level 4 of the Snake Pit
 45625 | Snake:4  | Noticed Nikola
 45896 | Snake:4  | Killed Nikola
 45928 | Snake:4  | Received a gift from Okawaru
 45985 | Snake:4  | Reached skill level 5 in Earth Magic
 46075 | Snake:4  | Received a gift from Okawaru
 47029 | Snake:4  | Got a serpentine rune of Zot
 48005 | Depths:1 | Entered Level 1 of the Depths
 48083 | Depths:1 | Found a gateway to a ziggurat.
 48126 | Depths:1 | Received a gift from Okawaru
 48131 | Depths:1 | Reached XP level 19. HP: 103/163 MP: 26/26
 48401 | Depths:1 | Paralysed by a wizard for 2 turns
 49263 | Depths:1 | Reached skill level 1 in Armour
 49724 | Depths:1 | Found a gateway to Hell.
 49861 | Depths:1 | Found a glowing golden altar of the Shining One.
 49864 | Depths:1 | Noticed Bai Suzhen
 49897 | Depths:1 | Killed Bai Suzhen
 50774 | Depths:2 | Found a magical portal.
 50785 | WizLab   | Entered Doroklohe's Tomb
 51023 | WizLab   | Noticed an ancient lich
 51107 | WizLab   | Received a gift from Okawaru
 51111 | WizLab   | Identified the +7 shortbow "Widowmaker" {venom, +Fly rPois Int+4} (Okawaru gifted it to you in a wizard's laboratory)
 51176 | WizLab   | Killed an ancient lich
 51223 | WizLab   | Identified the +2 plate armour of Koubu {Regen+ Int-4 Slay+2} (You took it off a mummy priest in a wizard's laboratory)
 51598 | WizLab   | Identified the +2 leather armour of Vlad {rC+ rCorr Int+3} (You found it in a wizard's laboratory)
 51603 | WizLab   | Got an ancient helmet
 51614 | WizLab   | Identified the +2 helmet of Saesuuro {+Inv rF- MP+9} (You found it in a wizard's laboratory)
 51756 | Depths:2 | Reached skill level 5 in Armour
 52022 | Depths:2 | Noticed a Brimstone Fiend
 52042 | Depths:1 | Received a gift from Okawaru
 52617 | Depths:2 | Received a gift from Okawaru
 53195 | Depths:2 | Reached XP level 20. HP: 142/170 MP: 27/27
 54115 | Depths:1 | Identified the +6 dire flail of the Butterfly {protect, rF+ Str+4 Int-3 Dex+5} (You found it on level 1 of the Depths)
 54429 | Depths:2 | Reached skill level 15 in Translocations
 54482 | Depths:2 | Found the +8 glaive of the Guard {elec, +Rage AC+5 SInv}
 54787 | Elf:1    | Entered Level 1 of the Elven Halls
 55385 | Elf:1    | Found Ruavyze's Book Shoppe.
 56337 | Elf:1    | Received a gift from Okawaru
 56369 | Elf:1    | Identified Kikubaaqudgha's Reference Book on Necromancy
 56658 | Elf:2    | Reached skill level 10 in Armour
 57060 | Elf:2    | Received a gift from Okawaru
 57080 | Elf:2    | Found a huge runed gate.
 57080 | Elf:2    | Found a huge runed gate.
 57081 | Elf:2    | Found a huge runed gate.
 57085 | Elf:2    | Found a huge runed gate.
 57092 | Elf:2    | Found a huge runed gate.
 57263 | Elf:2    | Received a gift from Okawaru
 57628 | Elf:2    | Received a gift from Okawaru
 57634 | Elf:2    | Identified the +4 ring mail of the First Planets {*Drain rElec rF++ Str+4} (Okawaru gifted it to you on level 2 of the Elven Halls)
 57864 | Elf:3    | Entered Level 3 of the Elven Halls
 57881 | Elf:3    | Noticed Mara
 57888 | Elf:3    | Noticed grindst0ne's illusion
 58286 | Elf:3    | Noticed grindst0ne's illusion
 58323 | Elf:3    | Killed Mara
 59247 | Snake:3  | Bought a book of the Warp for 1620 gold pieces
 59515 | Orc:1    | Learned a level 8 spell: Controlled Blink
 60305 | Elf:3    | Reached XP level 21. HP: 166/178 MP: 23/28
 61009 | Elf:3    | Reached skill level 5 in Spellcasting
 61138 | Elf:3    | Killed from afar by a deep elf sorcerer

Skill      XL: |  1  2  3  4  5  6  7  8  9 10 11 12 13 14 15 16 17 18 19 20 21 |
---------------+----------------------------------------------------------------+-----
Bows           | 6 7 8 10 11 12 16 19 20 | 20.0
Fighting       | 3 4 5 6 8 9 12 13 | 13.3
Invocations    | 8 10 | 10.0
Evocations     | 8 9 10 | 10.0
Necromancy     | 8 9 10 11 12 | 12.0
Charms         | 7 9 11 | 11.1
Dodging        | 4 5 6 7 |  7.0
Translocations | 8 12 13 14 15 | 15.7
Spellcasting   | 4 5 |  5.2
Earth Magic    | 5 |  5.0
Armour         | 7 11 | 11.5
Stealth        | |  0.4

Action                   |  1- 3 |  4- 6 |  7- 9 | 10-12 | 13-15 | 16-18 | 19-21 || total
-------------------------+-------+-------+-------+-------+-------+-------+-------++-------
Melee: Short sword       |       |       |   170 |       |       |       |       ||   170
       Kick              |       |       |    76 |       |       |       |       ||    76
       Flail             |       |       |     4 |       |       |       |       ||     4
 Fire: Shortbow          |   126 |   109 |   514 |   930 |       |       |       ||  1679
       Longbow           |       |       |       |   347 |  1509 |  1670 |  1330 ||  4856
Throw: Throwing net      |       |       |       |       |     1 |       |       ||     1
 Cast: Song of Slaying   |       |       |       |       |    10 |    61 |    23 ||    94
       Regeneration      |       |       |       |       |    10 |    59 |    38 ||   107
       Blink             |       |       |       |       |       |    10 |    21 ||    31
       Portal Projectile |       |       |       |       |       |     3 |     1 ||     4
       Passage of Golubr |       |       |       |       |       |     1 |     3 ||     4
Invok: Heroism           |       |       |       |     7 |     2 |     3 |    16 ||    28
       Finesse           |       |       |       |     3 |       |     1 |     5 ||     9
 Abil: Stop Flying       |       |       |       |       |       |       |     1 ||     1
       Evoke Invisibilit |       |       |       |       |       |       |     1 ||     1
Evoke: Wand              |       |       |       |    18 |     2 |     8 |    44 ||    72
       Sack of spiders   |       |       |       |       |     3 |     2 |       ||     5
       Lamp of fire      |       |       |       |       |       |     2 |     4 ||     6
       Phial of floods   |       |       |       |       |       |     2 |     4 ||     6
       Lightning rod     |       |       |       |       |       |     1 |     9 ||    10
  Use: Scroll            |       |       |     3 |    22 |    18 |    14 |    10 ||    67
       Potion            |       |       |     2 |     8 |     3 |    12 |    11 ||    36
 Stab: Distracted        |       |       |     1 |       |       |       |       ||     1
  Eat: Chunk             |       |     3 |    12 |    33 |    37 |    45 |    29 ||   159
       Ration            |       |       |       |     4 |       |     2 |     4 ||    10
Armor: Leather armour    |    22 |     5 |    53 |   235 |   205 |   172 |    11 ||   703
       Skin              |       |       |       |     2 |       |       |       ||     2
       Fire dragon scale |       |       |       |       |    17 |       |       ||    17
       Troll leather arm |       |       |       |       |     7 |    41 |       ||    48
       Storm dragon scal |       |       |       |       |       |       |   326 ||   326
       Plate armour      |       |       |       |       |       |       |    30 ||    30
       Ring mail         |       |       |       |       |       |       |    32 ||    32
Dodge: Dodged            |    29 |    20 |    72 |   170 |   303 |   340 |   245 ||  1179
